 Dungeon Crawl Stone Soup version 0.29.0-4-gdea44cf6ec (webtiles) character file.

Game seed: 3797590134971089940

1774 qw the Cleaver (level 9, 0/52 HPs)
             Began as a Tengu Warper on Aug 29, 2022.
             Was a Follower of Okawaru.
             Succumbed to a hornet's poison
             ... on level 7 of the Dungeon.
             The game lasted 00:01:42 (8172 turns).

qw the Cleaver (Tengu Warper)                       Turns: 8172, Time: 00:01:43

Health: 0/52       AC: 14    Str: 16    XL:     9   Next: 7%
Magic:  11/13      EV: 13    Int: 16    God:    Okawaru [*.....]
Gold:   233        SH:  5    Dex: 18    Spells: 12/12 levels left

rFire   . . .      SeeInvis .   Y - +0 war axe
rCold   . . .      Faith    .   (no shield)
rNeg    . . .      Spirit   .   h - +0 chain mail
rPois   .          Reflect  +   (helmet restricted)
rElec   .          Harm     .   (no cloak)
rCorr   .          Rampage  .   i - +2 pair of gloves
Will    +....                   (boots unavailable)
Stlth   ..........              k - amulet of Sovereignty {Reflect Contam Will+ Int+3 Dex+4 SH+5}
HPRegen 0.17/turn               (no ring)
MPRegen 0.13/turn               (no ring)

@: lethally poisoned (0 -> -4), heroic, flying quickly and evasively, slowed,
very slow
A: beak, talons 3, nimble flight
a: Renounce Religion, Heroism


You were on level 7 of the Dungeon.
You worshipped Okawaru.
Okawaru was aware of your devotion.
You visited 1 branch of the dungeon, and saw 7 of its levels.

You collected 233 gold pieces.


Innate Abilities, Weirdness & Mutations

You have a beak for a mouth.
You have claws for feet.
Your magical nature lets you fly swiftly and evasively.


   Skills:
 - Level 4.0(9.0) Fighting
 - Level 10.1(15.1) Axes
 - Level 1.0(6.0) Throwing
 + Level 3.2(8.2) Armour
 - Level 3.8(8.8) Dodging
 - Level 2.0 Spellcasting
 - Level 2.4 Translocations
 + Level 3.5 Invocations


You had 12 spell levels left.
You didn't know any spells.
Your spell library contained the following spells:

 Spells                   Type           Power      Damage    Failure   Level
 Blink                    Tloc           18%        N/A       82%         2
 Gell's Gravitas          Tloc           9%         N/A       96%         3
 Lesser Beckoning         Tloc           9%         N/A       96%         3
 Teleport Other           Tloc           9%         N/A       96%         3
 Manifold Assault         Tloc           9%         N/A       100%        5

Inventory:

Hand Weapons
 n - a +0 flail
 Y - a +0 war axe (weapon)
Armour
 h - a +0 chain mail (worn)
 i - a +2 pair of gloves (worn)
Jewellery
 k - the amulet of Sovereignty (around neck) {Reflect Contam Will+ Int+3 Dex+4 SH+5}
   (You found it on level 3 of the Dungeon)

   [amulet of reflection]

   It reflects blocked missile attacks.
   Int:       It affects your intelligence (+3).
   Dex:       It affects your dexterity (+4).
   Contam:    It causes magical contamination when unequipped.
   SH:        It affects your SH (+5).
   Will:      It increases your willpower.
Scrolls
 a - a scroll of identify
 m - a scroll of enchant armour
Potions
 c - a potion of invisibility {unknown}
 d - a potion of degeneration {unknown}
 e - a potion of ambrosia {unknown}
 f - a potion of lignification {unknown}
 l - a potion of might

Dungeon Overview and Level Annotations

Branches:
Dungeon (7/15)
 Temple: D:4-7

Altars:
Elyvilon
Gozag
Okawaru
Qazlal
Sif Muna
Trog
Xom
The Shining One

Shops:
D:3 [

Annotations:
D:6 1 runed translucent door, qw's ghost, novice TeWr


Message History

An orc comes into view. It is wielding a +1 vorpal mace.
The hornet barely misses you.
You slash the hornet! You claw the hornet.
You peck the hornet, but do no damage.
The hornet is moderately wounded.
You block the hornet's attack. The hornet stings you!
You feel as though you will be slow longer.
8167 ||| INVOKING Heroism.
You gain the combat prowess of a mighty hero.
You block the hornet's attack. The hornet stings you!
You feel as though you will be slow longer.
You hit the hornet. Your kick misses the hornet. Your peck misses the hornet.
The hornet is heavily wounded.
You block the hornet's attack. The hornet stings you!
You are lethally poisoned!
You feel as though you will be slow longer.
You hit the hornet. Your kick misses the hornet.
The hornet is heavily wounded.
You slash the orc!
You kill the orc!
Okawaru accepts your kill.
You feel very sick.
The hornet stings you but does no damage.
The hornet barely misses you.
You hit the hornet but do no damage.
The hornet is heavily wounded.
You feel sick. The hornet closely misses you. The hornet barely misses you.
You slice the hornet!!
You kill the hornet!
Okawaru is honoured by your kill.
You feel sick.
Your base Axes skill increases to level 10!
Your Invocations skill increases to level 3!
You have reached level 9!
Your experience leads to an increase in your attributes!
Your base attributes are Str 14, Int 13, Dex 14.
Increase (S)trength, (I)ntelligence, or (D)exterity?
You feel stronger. x2
There is a lethal amount of poison in your body!
You die...

..#####.## ...
#..# .!.# # ##.#
....# #.
###.#.....# #.
#...%.....#
###.####.##...####
#........# .#.#
#...)%..#...#.#
#....@....### .
#..../.?.......# #
#.#......###....
#......# .###
#....... ..
......~~~~ ~~~
.....$.~...
.###...~.~~ยค


There were no monsters in sight!

Vanquished Creatures
  A hornet (D:7)
  Sigmund (D:4)
  An orc warrior (D:5)
  A sky beast (D:6)
  A black bear (D:4)
  3 ogres
  A bullfrog (D:6)
  A necrophage (D:4)
  3 scorpions (D:5)
  A howler monkey (D:4)
  2 hounds
  2 jellies (D:6)
  3 iguanas
  5 orc wizards
  3 gnolls (D:4)
  7 adders
  2 shadow imps (D:5)
  A white imp (D:6)
  4 worms
  3 dart slugs
  9 orcs
  3 ball pythons (D:1)
  10 endoplasms
  6 giant cockroaches
  10 goblins
  6 hobgoblins
  2 quokkas (D:2)
  3 bats
  3 frilled lizards
  8 kobolds
  7 rats
113 creatures vanquished.

Notes
Turn   | Place    | Note
-------+----------+-------------------------------------------
     0 | D:1      | qw the Tengu Warper began the quest for the Orb.
     0 | D:1      | Reached XP level 1. HP: 12/12 MP: 4/4
     0 | D:1      | 0 ||| qw: Version: 0.1-a-89-g26bdef1
     0 | D:1      | 0 ||| qw: Game counter: 3456
     0 | D:1      | 0 ||| qw: Always use a shield: true
     0 | D:1      | 0 ||| qw: God list: Okawaru
     0 | D:1      | 0 ||| qw: Allow faded altars: false
     0 | D:1      | 0 ||| qw: Do Orc after D:15 true
     0 | D:1      | 0 ||| qw: Do second Lair branch before Depths: true
     0 | D:1      | 0 ||| qw: Lair rune preference: random
     0 | D:1      | 0 ||| qw: Plans: Normal
     0 | D:1      | 0 ||| PLANNING D:1-11
    29 | D:1      | 29 ||| Stepping ~*~*~tactically~*~*~ (hiding).
   103 | D:1      | Reached XP level 2. HP: 14/17 MP: 6/6
   153 | D:1      | 153 ||| DROPPING +0 club.
   193 | D:1      | Reached skill level 3 in Axes
   249 | D:1      | 249 ||| Stepping ~*~*~tactically~*~*~ (stealth).
   250 | D:1      | 250 ||| Stepping ~*~*~tactically~*~*~ (stealth).
   252 | D:1      | 252 ||| Stepping ~*~*~tactically~*~*~ (stealth).
   559 | D:1      | 559 ||| Stepping ~*~*~tactically~*~*~ (stealth).
   562 | D:1      | 562 ||| Stepping ~*~*~tactically~*~*~ (stealth).
   578 | D:1      | Reached XP level 3. HP: 6/21 MP: 7/7
  1332 | D:1      | 1332 ||| DROPPING ring of flight.
  1333 | D:1      | 1333 ||| READING scroll labelled XIUJUPN WIAC JOB.
  1334 | D:1      | 1334 ||| READING 2 scrolls labelled HOOC SULASYICK.
  1335 | D:1      | 1335 ||| DRINKING 2 black potions.
  1336 | D:1      | 1336 ||| DROPPING scroll of blinking.
  1337 | D:1      | 1337 ||| DROPPING scroll of poison.
  1338 | D:1      | 1338 ||| Stepping randomly (stuck).
  1339 | D:1      | 1339 ||| Stepping ~*~*~tactically~*~*~ (cloud).
  1594 | D:2      | 1594 ||| STAIRDANCE
  1664 | D:2      | 1664 ||| Stepping ~*~*~tactically~*~*~ (stealth).
  1674 | D:2      | Reached skill level 4 in Axes
  1675 | D:2      | HP: 5/21 [goblin/+0 club (4)]
  1678 | D:2      | 1678 ||| FLEEEEING.
  1680 | D:2      | 1680 ||| STAIRDANCE
  2236 | D:2      | Reached XP level 4. HP: 25/26 MP: 8/8
  2588 | D:2      | 2588 ||| DROPPING +3 whip.
  2879 | D:2      | 2879 ||| UPGRADING to +0 troll leather armour.
  2889 | D:2      | 2889 ||| DROPPING +0 leather armour.
  2890 | D:2      | 2890 ||| UPGRADING to +0 chain mail.
  2900 | D:2      | 2900 ||| DROPPING +0 troll leather armour.
  2901 | D:2      | 2901 ||| READING 2 scrolls labelled FEOCZY XASI.
  2902 | D:2      | 2902 ||| READING scroll labelled QYG BIWEHEDD.
  2907 | D:2      | 2907 ||| READING scroll labelled HYSOSE CEMAACS.
  2908 | D:2      | 2908 ||| DRINKING 2 purple potions.
  2909 | D:2      | 2909 ||| DROPPING scroll of magic mapping.
  2910 | D:2      | 2910 ||| DROPPING potion of attraction.
  2968 | D:3      | Found a shimmering blue altar of Sif Muna.
  2987 | D:3      | Found a bloodstained altar of Trog.
  3008 | D:3      | Reached skill level 5 in Axes
  3221 | D:3      | Found a faded altar of an unknown god.
  3271 | D:3      | Found Muskil's Antique Armour Boutique.
  3279 | D:3      | 3279 ||| SHOPLISTING cloak (139 gold, have 75).
  3279 | D:3      | 3279 ||| SHOPLISTING glowing plate armour (806 gold, have
                  | 75).
  3279 | D:3      | 3279 ||| SHOPLISTING shiny buckler (232 gold, have 75).
  3382 | D:3      | 3382 ||| Stepping ~*~*~tactically~*~*~ (stealth).
  3383 | D:3      | 3383 ||| Stepping ~*~*~tactically~*~*~ (stealth).
  3545 | D:3      | Found a shimmering altar of Xom.
  3657 | D:3      | Identified the amulet of Sovereignty {Reflect Contam Will+
                  | Int+3 Dex+4 SH+5}
  3721 | D:3      | Found a stormy altar of Qazlal.
  3722 | D:3      | 3722 ||| UPGRADING to +2 pair of gloves.
  3803 | D:3      | 3803 ||| UPGRADING to amulet of Sovereignty {Reflect Contam
                  | Will+ Int+3 Dex+4 SH+5}.
  3808 | D:3      | 3808 ||| DROPPING +6 ring of intelligence.
  3809 | D:3      | 3809 ||| READING 3 scrolls labelled COZUXO EROPLEH.
  3810 | D:3      | 3810 ||| READING scroll labelled MOCHOA KAEJ.
  3811 | D:3      | 3811 ||| DRINKING 2 pink potions.
  3812 | D:3      | 3812 ||| READING 2 scrolls of identify.
  3812 | D:3      | 3812 ||| IDENTIFYING orange potion
  3813 | D:3      | 3813 ||| DROPPING potion of flight.
  3880 | D:4      | Found a white marble altar of Elyvilon.
  3889 | D:4      | 3889 ||| FLEEEEING.
  3890 | D:4      | 3890 ||| FLEEEEING.
  3891 | D:4      | 3891 ||| FLEEEEING.
  3892 | D:4      | 3892 ||| FLEEEEING.
  3893 | D:4      | 3893 ||| FLEEEEING.
  3894 | D:4      | 3894 ||| FLEEEEING.
  3895 | D:4      | 3895 ||| FLEEEEING.
  3896 | D:4      | 3896 ||| FLEEEEING.
  3897 | D:4      | 3897 ||| FLEEEEING.
  3898 | D:4      | 3898 ||| FLEEEEING.
  3899 | D:4      | 3899 ||| FLEEEEING.
  3899 | D:4      | HP: 6/26 [poisoned by a kobold]
  3901 | D:4      | 3901 ||| FLEEEEING.
  3902 | D:4      | 3902 ||| FLEEEEING.
  3903 | D:4      | 3903 ||| FLEEEEING.
  3903 | D:4      | HP: 2/26 [poisoned by a kobold]
  3904 | D:4      | 3904 ||| STAIRDANCE
  4218 | D:4      | Gained mutation: Your magical nature lets you fly swiftly
                  | and evasively. [Tengu growth]
  4218 | D:4      | Reached XP level 5. HP: 30/30 MP: 9/9
  4238 | D:4      | Found an opulent altar of Gozag.
  4255 | D:4      | Reached skill level 6 in Axes
  4291 | D:4      | 4291 ||| Stepping randomly (stuck).
  4292 | D:4      | Noticed an ogre
  4293 | D:4      | 4293 ||| Stepping ~*~*~tactically~*~*~ (stealth).
  4305 | D:4      | Killed an ogre
  4306 | D:4      | Reached XP level 6. HP: 10/35 MP: 10/10
  4565 | D:4      | Reached skill level 7 in Axes
  4743 | D:4      | 4743 ||| DRINKING 2 fizzy grey potions.
  4746 | D:4      | 4746 ||| Stepping randomly (stuck).
  4766 | D:4      | 4766 ||| Stepping randomly (stuck).
  4767 | D:4      | 4767 ||| Stepping randomly (stuck).
  4768 | D:4      | 4768 ||| Stepping randomly (stuck).
  4865 | D:4      | Noticed Sigmund
  4866 | D:4      | 4866 ||| READING scroll labelled ZETUAGAKOWN.
  4867 | D:4      | 4867 ||| Stepping randomly (stuck).
  4868 | D:4      | 4868 ||| Stepping randomly (stuck).
  4869 | D:4      | 4869 ||| Stepping randomly (stuck).
  4870 | D:4      | 4870 ||| Stepping randomly (stuck).
  4871 | D:4      | 4871 ||| Stepping randomly (stuck).
  4872 | D:4      | 4872 ||| Stepping randomly (stuck).
  4873 | D:4      | 4873 ||| Stepping randomly (stuck).
  4875 | D:4      | 4875 ||| Stepping randomly (stuck).
  4876 | D:4      | 4876 ||| Stepping randomly (stuck).
  4877 | D:4      | 4877 ||| Stepping randomly (stuck).
  4878 | D:4      | 4878 ||| Stepping randomly (stuck).
  4879 | D:4      | 4879 ||| Stepping randomly (stuck).
  4880 | D:4      | 4880 ||| Stepping randomly (stuck).
  4881 | D:4      | 4881 ||| Stepping randomly (stuck).
  4882 | D:4      | 4882 ||| Stepping randomly (stuck).
  4883 | D:4      | 4883 ||| Stepping randomly (stuck).
  4885 | D:4      | 4885 ||| Stepping randomly (stuck).
  4887 | D:4      | 4887 ||| Stepping randomly (stuck).
  4888 | D:4      | 4888 ||| Stepping randomly (stuck).
  4889 | D:4      | 4889 ||| Stepping randomly (stuck).
  4890 | D:4      | 4890 ||| Stepping randomly (stuck).
  4911 | D:4      | Killed Sigmund
  4912 | D:4      | Reached XP level 7. HP: 30/43 MP: 11/11
  5118 | D:4      | 5118 ||| Stepping ~*~*~tactically~*~*~ (stealth).
  5336 | D:4      | 5336 ||| Stepping ~*~*~tactically~*~*~ (stealth).
  5425 | D:4      | 5425 ||| Stepping ~*~*~tactically~*~*~ (stealth).
  5806 | D:4      | Found a glowing golden altar of the Shining One.
  5807 | D:4      | 5807 ||| DROPPING +0 mace of protection.
  5845 | D:4      | 5845 ||| DRINKING 2 green potions.
  5846 | D:4      | 5846 ||| READING 2 scrolls of identify.
  5846 | D:4      | 5846 ||| IDENTIFYING inky potion
  5847 | D:4      | 5847 ||| DROPPING potion of berserk rage.
  5848 | D:4      | 5848 ||| DROPPING potion of brilliance.
  5940 | D:4      | 5940 ||| Stepping randomly (stuck).
  5948 | D:5      | Entered Level 5 of the Dungeon
  5949 | D:5      | 5949 ||| PLANNING SEWER
  5990 | D:5      | 5990 ||| SWAPPING to +0 war axe.
  5991 | D:5      | 5991 ||| DROPPING +0 hand axe.
  6035 | D:5      | Found an iron altar of Okawaru.
  6049 | D:5      | Became a worshipper of Warmaster Okawaru
  6080 | D:5      | Reached skill level 8 in Axes
  6206 | D:5      | 6206 ||| Stepping ~*~*~tactically~*~*~ (hiding).
  6357 | D:5      | Reached skill level 3 in Armour
  6390 | D:5      | 6390 ||| Stepping ~*~*~tactically~*~*~ (stealth).
  6392 | D:5      | 6392 ||| Stepping ~*~*~tactically~*~*~ (stealth).
  6403 | D:5      | Reached XP level 8. HP: 13/48 MP: 12/12
  6642 | D:5      | HP: 11/48 [ogre/+0 giant club (21)]
  6643 | D:5      | 6643 ||| READING scroll of teleportation.
  6644 | D:5      | 6644 ||| DRINKING potion of heal wounds.
  6690 | D:5      | 6690 ||| RIP SEWER
  6720 | D:5      | 6720 ||| PLANNING D:1-11
  6756 | D:5      | Identified the +0 robe of Pleasant Breezes {Contam rF+
                  | Int+8}
  6794 | D:5      | Reached skill level 9 in Axes
  6982 | D:5      | Reached * piety under Okawaru
  6983 | D:5      | Reached skill level 3 in Dodging
  6983 | D:5      | 6983 ||| INVOKING Heroism.
  7180 | D:5      | Reached skill level 1 in Invocations
  7286 | D:5      | 7286 ||| Stepping randomly (stuck).
  7287 | D:5      | 7287 ||| Stepping randomly (stuck).
  7288 | D:5      | 7288 ||| Stepping randomly (stuck).
  7289 | D:5      | 7289 ||| Stepping randomly (stuck).
  7290 | D:5      | 7290 ||| Stepping randomly (stuck).
  7291 | D:5      | 7291 ||| Stepping randomly (stuck).
  7292 | D:5      | 7292 ||| Stepping randomly (stuck).
  7293 | D:5      | 7293 ||| Stepping randomly (stuck).
  7294 | D:5      | 7294 ||| Stepping randomly (stuck).
  7295 | D:5      | 7295 ||| Stepping randomly (stuck).
  7296 | D:5      | 7296 ||| Stepping randomly (stuck).
  7297 | D:5      | 7297 ||| Stepping randomly (stuck).
  7581 | D:6      | 7581 ||| DRINKING potion of curing.
  7581 | D:6      | 7581 ||| (to cure confusion)
  7598 | D:6      | 7598 ||| Stepping ~*~*~tactically~*~*~ (hiding).
  7638 | D:6      | 7638 ||| INVOKING Heroism.
  7658 | D:6      | Found a runed translucent door.
  7731 | D:6      | 7731 ||| INVOKING Heroism.
  8058 | D:6      | Noticed qw's ghost (novice TeWr)
  8060 | D:6      | 8060 ||| READING scroll labelled QEFOKA FUKKU.
  8119 | D:6      | 8119 ||| Stepping randomly (stuck).
  8162 | D:7      | Noticed a hornet
  8167 | D:7      | 8167 ||| INVOKING Heroism.
  8168 | D:7      | HP: 8/48 [hornet (8)]
  8170 | D:7      | HP: 2/48 [poisoned by a hornet]
  8171 | D:7      | Killed a hornet
  8172 | D:7      | Reached skill level 10 in Axes
  8172 | D:7      | Reached skill level 3 in Invocations
  8172 | D:7      | Reached XP level 9. HP: 1/52 MP: 10/13
  8172 | D:7      | Succumbed to a hornet's poison

Levels and vault maps discovered:
D:1:      psy_arrival_conway, layout_basic, minmay_strange_pillars
D:2:      layout_loops_ring
D:3:      layout_basic, mainiacjoe_overflow_alcove_1,
          mainiacjoe_overflow_boulevard, nicolae_qazlal_eye_of_the_storm,
          tgw_xom, basic_ecumenical_altar, serial_shops, shop
D:4:      layout_loops_ring, mainiacjoe_overflow_cross_hatched,
          lemuel_coloured_pillars_altar, nicolae_overflow_hidden_temple,
          serial_co_window_serial, co_window_of_opportunity_a,
          co_window_paths_a, co_window_paths_b, co_window_paths_b,
          co_window_cross_1, co_window_broadway_c, co_window_unsneaky_path_c,
          co_window_of_opportunity_b, co_window_unsneaky_path_a,
          co_window_cross_4, co_window_broadway_a, glass_columns_b,
          glass_columns_c, glass_columns_a, uniq_sigmund
D:5:      minmay_angry_zag, layout_loops_ring, okawaru_ov_weapons_minmay,
          cheibrodos_sewer_entry_bend, minmay_a_box_with_orc_wizards_in_it
D:6:      layout_basic, marbit_many_paths, ebering_ghost_reflecting_pool,
          chequers_serial_rivers_micro_c, uniq_blork_the_orc
D:7:      layout_rooms, mainiacjoe_overflow_concentric_impassable,
          minmay_temple_entry_proselytizer, minmay_misc_feat_roman,
          minmay_misc_feat_four_crosses, hangedman_abyss_or_decor_stagger,
          grunt_ministairs_2

Skill      XL: |  1  2  3  4  5  6  7  8 |
---------------+-------------------------+-----
Axes           | 3 4 5 6 7 8 10 | 10.1
Armour         | 2 3 |  3.2
Fighting       | 4 |  4.0
Dodging        | 3 |  3.8
Invocations    | 3 |  3.5
Throwing       | |  1.0
Spellcasting   | |  2.0
Translocations | |  2.4

Action                   |  1- 3 |  4- 6 |  7- 9 || total
-------------------------+-------+-------+-------++-------
Melee: Hand axe          |    92 |   117 |    27 ||   236
       Kick              |    16 |    41 |    56 ||   113
       Peck              |    11 |    14 |    28 ||    53
       Punch             |       |     2 |     1 ||     3
       War axe           |       |       |   125 ||   125
Throw: Boomerang         |     7 |       |       ||     7
Invok: Heroism           |       |       |     4 ||     4
  Use: Scroll            |     2 |     7 |     3 ||    12
       Potion            |     1 |     3 |     3 ||     7
Armor: Leather armour    |    25 |     5 |       ||    30
       Chain mail        |       |    31 |    42 ||    73
Dodge: Dodged            |    48 |    38 |    51 ||   137
Block: Other             |       |     9 |    25 ||    34
       Reflection        |       |     2 |       ||     2

Table legend:
 A = Non-vault XP
 B = Vault XP
 C = Vault XP percentage of total XP
 D = Non-vault monster count
 E = Vault monster count
 F = Vault count percentage of total count
                 A         B        C        D         E       F
            +---------+---------+-------+---------+---------+-------
      Total |    1839 |     696 |  27.5 |      96 |      17 |  15.0
            +---------+---------+-------+---------+---------+-------
        D:1 |      40 |       0 |   0.0 |      23 |       0 |   0.0
        D:2 |      70 |       0 |   0.0 |      19 |       0 |   0.0
        D:3 |      21 |      13 |  38.2 |      13 |       6 |  31.6
        D:4 |     572 |     214 |  27.2 |      19 |       1 |   5.0
        D:5 |     403 |     469 |  53.8 |       9 |      10 |  52.6
        D:6 |     401 |       0 |   0.0 |      10 |       0 |   0.0
        D:7 |     332 |       0 |   0.0 |       3 |       0 |   0.0
            +---------+---------+-------+---------+---------+-------
